 Dungeon Crawl Stone Soup version 0.17-a0-2073-gde5cdba (webtiles) character file.

8251 pk666 the Cleaver (level 11, -1/107 HPs)
             Began as a Minotaur Berserker on Oct 16, 2015.
             Was a High Priest of Trog.
             Slain by an eight-headed hydra (8 damage)
             ... on level 1 of the Lair of Beasts.
             The game lasted 00:21:11 (8627 turns).

pk666 the Cleaver (Minotaur Berserker)              Turns: 8627, Time: 00:21:12

Health: -1/107     AC: 14    Str: 24    XL:     11   Next: 7%
Magic:  3/3        EV: 11    Int:  9    God:    Trog [*****.]
Gold:   590        SH:  0    Dex: 11    Spells: 0 memorised, 10 levels left

rFire  . . .     SeeInvis .     T - +1 war axe (antimagic)
rCold  . . .     Clarity  .     n - +0 scale mail
rNeg   . . .     SustAt   .     (no shield)
rPois  +         Gourm    .     S - +2 hat
rElec  .         Spirit   .     b - +0 cloak
rCorr  .         Warding  .     G - +0 pair of gloves
rMut   .         Stasis   .     (no boots)
MR     .....                    (no amulet)
Stlth  ..........               H - ring of poison resistance
                                U - +1 ring of protection

@: brilliant, not resistant to hostile enchantments, extremely unstealthy
A: retaliatory headbutt, horns 2
a: Burn Spellbooks, Berserk, Trog's Hand, Brothers in Arms, Renounce Religion


You were on level 1 of the Lair of Beasts.
You worshipped Trog.
Trog was extremely pleased with you.
You were very hungry.

You visited 3 branches of the dungeon, and saw 11 of its levels.

You collected 590 gold pieces.

Inventory:

Hand Weapons
 a - a +3 hand axe
 T - a +1 antimagic war axe (weapon)
Armour
 b - a +0 cloak (worn)
 n - a +0 scale mail (worn)
 y - a +0 plate armour
 G - a +0 pair of gloves (worn)
 S - a +2 hat (worn)
Jewellery
 D - an uncursed ring of stealth
 H - a ring of poison resistance (right hand)
 U - a +1 ring of protection (left hand)
Wands
 p - a wand of slowing (22)
 F - a wand of draining (3)
 L - a wand of disintegration (16)
 M - a wand of flame (33)
 N - a wand of teleportation (3)
 O - a wand of enslavement (15)
 V - a wand of polymorph (2)
Scrolls
 e - 3 scrolls of teleportation {unknown}
 f - 3 scrolls of enchant armour {unknown}
 h - 7 scrolls of magic mapping {unknown}
 i - 9 scrolls of remove curse {unknown}
 l - 6 scrolls of identify {unknown}
 m - a scroll of holy word {unknown}
 s - 4 scrolls of fear {unknown}
 t - 2 scrolls of random uselessness {unknown}
 u - 2 scrolls of amnesia {unknown}
 w - 4 scrolls of recharging {unknown}
 x - a scroll of enchant weapon {unknown}
 C - 4 scrolls of noise {unknown}
 J - a scroll of immolation {unknown}
 K - a scroll of fog {unknown}
 P - a scroll of summoning {unknown}
Potions
 d - 6 potions of heal wounds {unknown}
 j - 2 potions of lignification {unknown}
 o - 4 potions of degeneration {unknown}
 q - 2 potions of brilliance
 r - 2 potions of cure mutation {unknown}
 v - 4 potions of curing {unknown}
 A - 2 potions of berserk rage {unknown}
 B - a potion of invisibility {unknown}
 E - 2 potions of ambrosia {unknown}
 I - a potion of cancellation {unknown}
Books
 Q - a book of the Tempests

   Spells                             Type                      Level
   a - Static Discharge               Conjuration/Air              3
   b - Lightning Bolt                 Conjuration/Air              5
   c - Fireball                       Conjuration/Fire             5
   d - Tornado                        Air                          9
   e - Shatter                        Earth                        9
   Trog disapproves of the use of such an item.
 X - a book of Clouds

   Spells                             Type                      Level
   a - Mephitic Cloud                 Conjuration/Poison/Air       3
   b - Conjure Flame                  Conjuration/Fire             3
   c - Poisonous Cloud                Conjuration/Poison/Air       6
   d - Freezing Cloud                 Conjuration/Ice/Air          6
   e - Ring of Flames                 Charms/Fire                  7
   Trog disapproves of the use of such an item.
Comestibles
 c - 7 bread rations
 g - 6 meat rations
 k - 7 beef jerkies
 z - 8 slices of pizza
 W - a royal jelly


   Skills:
 * Level 13.0 Fighting
 * Level 13.0 Axes
 + Level 9.6 Armour
 - Level 2.1 Dodging


You had 10 spell levels left.
You didn't know any spells.

Dungeon Overview and Level Annotations

Branches:
Dungeon (9/15)             Temple (1/1) D:5            Lair (1/8) D:9
    Orc: D:9-12

Altars:
Ashenzari
Cheibriados
Dithmenos
Elyvilon
Fedhas
Gozag
Kikubaaqudgha
Makhleb
Nemelex Xobeh
Okawaru
Qazlal
Ru
Sif Muna
Trog
Vehumet
Xom
Yredelemnul
Zin
The Shining One


Innate Abilities, Weirdness & Mutations

You reflexively headbutt those who attack you in melee.
You have a pair of horns on your head.


Message History

The komodo dragon hisses menacingly.
The eight-headed hydra bites you! x2
The eight-headed hydra bites you but does no damage.
The eight-headed hydra bites you!
* * * LOW HITPOINT WARNING * * *
The eight-headed hydra barely misses you.
The eight-headed hydra bites you!
* * * LOW HITPOINT WARNING * * *
The eight-headed hydra bites you.
* * * LOW HITPOINT WARNING * * *
The eight-headed hydra misses you.
Drink which item? (? for menu, Esc to quit)
It was a potion of brilliance.
You feel clever all of a sudden. The eight-headed hydra bites you.
* * * LOW HITPOINT WARNING * * *
The eight-headed hydra barely misses you.
The eight-headed hydra bites you but does no damage.
The eight-headed hydra bites you!
You die...

..........## #..P# #..
...........####.### ##.
........##..##...# #.
###########.....## ## ##....#
###### #....# #.#.P#### #....##
##.......# ###...#######
#.......## #...@Dl.##.#
#........####.##.##....#######
...........#..########.....#.##
#.............# ###......###
..............# #####.#......
..........#...# ###.#######....
#........###..##
#.......###.###
#.........#....# #..........##
# ..#P....####...#
#...........#


You could see an eight-headed hydra and a komodo dragon.

Vanquished Creatures
  An elephant (D:9)
  4 spiny frogs (Lair:1)
  The ghost of Ohli the Covered, a novice TeFi of Yredelemnul (D:8)
  A fire drake (Lair:1)
  3 polar bears (D:9)
  5 yaks
  A human (D:2)
  2 hungry ghosts
  4 wolves (D:9)
  A porcupine (Lair:1)
  3 orc warriors
  4 ice beasts (D:9)
  A trapdoor spider simulacrum (D:9)
  A water moccasin (Lair:1)
  4 ogres
  3 centaurs
  5 crocodiles
  A big kobold (D:8)
  6 giant frogs
  Blork the orc (D:6)
  4 scorpions
  3 wights (D:7)
  3 killer bees (D:9)
  An electric eel (D:9)
  2 crimson imps
  2 quasits
  7 hounds
  5 iguanas
  4 orc priests
  4 orc wizards
  3 worker ants
  A wasp simulacrum (D:9)
  A sheep (D:9)
  A hound skeleton (D:6)
  A hound zombie (D:6)
  9 adders
  8 gnolls
  A hound simulacrum (D:9)
  5 shadow imps
  2 white imps (D:9)
  2 ufetubi (D:9)
  2 oozes
  3 adder skeletons
  3 adder simulacra (D:9)
  A worm (D:2)
  3 giant geckos
  34 orcs
  3 ball pythons
  3 giant cockroaches
  9 goblins
  12 hobgoblins
  12 jackals
  9 bats
  3 giant newts
  A jackal zombie (D:6)
  12 kobolds
  5 quokkas
  9 rats
245 creatures vanquished.

Vanquished Creatures (others)
  A plant (Lair:1)
1 creature vanquished.

Grand Total: 246 creatures vanquished

Notes
Turn   | Place    | Note
--------------------------------------------------------------
     0 | D:1      | pk666 the Minotaur Berserker began the quest for the Orb.
     0 | D:1      | Reached XP level 1. HP: 19/19 MP: 0/0
   262 | D:1      | Reached skill level 4 in Fighting
   354 | D:1      | Reached XP level 2. HP: 27/27 MP: 1/1
   745 | D:2      | Reached ** piety under Trog
   753 | D:2      | Reached XP level 3. HP: 33/33 MP: 2/2
   928 | D:2      | Found a runed door.
   928 | D:2      | Noticed a human
   935 | D:2      | Found a basalt altar of Yredelemnul.
  1012 | D:2      | HP: 1/51 [human (3)]
  1013 | D:2      | Killed a human
  1013 | D:2      | Reached skill level 5 in Fighting
  1013 | D:2      | Reached skill level 5 in Axes
  1013 | D:2      | Reached XP level 4. HP: 1/42 MP: 3/3
  1013 | D:2      | Reached XP level 5. HP: 1/48 MP: 4/4
  1660 | D:3      | Reached *** piety under Trog
  1661 | D:3      | Found an ancient bone altar of Kikubaaqudgha.
  1805 | D:3      | Reached XP level 6. HP: 57/57 MP: 5/5
  2076 | D:4      | Reached skill level 6 in Fighting
  2298 | D:4      | Reached skill level 5 in Armour
  2344 | D:4      | Reached XP level 7. HP: 56/64 MP: 6/6
  2417 | D:5      | Entered Level 5 of the Dungeon
  2954 | D:5      | Reached skill level 7 in Fighting
  2993 | D:5      | Found a staircase to the Ecumenical Temple.
  3012 | Temple   | Entered the Ecumenical Temple
  3362 | D:5      | Reached **** piety under Trog
  3468 | D:6      | Found a bloodstained altar of Trog.
  3477 | D:6      | Noticed Blork the orc
  3487 | D:6      | Killed Blork the orc
  3651 | D:6      | Reached XP level 8. HP: 49/74 MP: 7/7
  3652 | D:6      | Reached skill level 8 in Axes
  4171 | D:7      | Found a burning altar of Makhleb.
  4171 | D:7      | Noticed a blizzard demon
  4187 | D:7      | Noticed an orange demon
  4187 | D:7      | Noticed a smoke demon
  4314 | D:7      | Received a gift from Trog
  4356 | D:7      | Reached skill level 9 in Axes
  4645 | D:7      | Received a gift from Trog
  4749 | D:7      | Reached XP level 9. HP: 80/84 MP: 8/8
  4935 | D:8      | Noticed Ohli's ghost (novice TeFi)
  4941 | D:8      | Killed Ohli's ghost
  4941 | D:8      | Reached skill level 10 in Fighting
  4941 | D:8      | Reached skill level 10 in Axes
  5039 | D:8      | Found a sacrificial altar of Ru.
  5274 | D:8      | Reached ***** piety under Trog
  6161 | D:9      | Reached skill level 11 in Fighting
  6510 | D:9      | Reached XP level 10. HP: 96/96 MP: 9/9
  6806 | D:9      | Found an iron altar of Okawaru.
  6852 | D:9      | Found a staircase to the Lair.
  6852 | D:9      | Noticed an elephant
  6859 | D:9      | Killed an elephant
  6862 | D:9      | Received a gift from Trog
  6938 | D:9      | Reached skill level 12 in Axes
  7361 | D:9      | Found a white marble altar of Elyvilon.
  7361 | D:9      | Found a glowing golden altar of the Shining One.
  7361 | D:9      | Found a glowing silver altar of Zin.
  7548 | Lair:1   | Entered Level 1 of the Lair of Beasts
  8037 | Lair:1   | Reached XP level 11. HP: 62/106 MP: 3/10
  8289 | Lair:1   | Reached skill level 13 in Axes
  8592 | Lair:1   | Noticed a six-headed hydra
  8627 | Lair:1   | Slain by an eight-headed hydra

Vault maps used:
D:1:      lightli_arrival_chessboard
D:2:      dk_yredelemnul_ordeal
D:3:      overflow_temple_1_default, first_bread
D:5:      minmay_temple_entry_statues_pillars
D:6:      bloody_trog, uniq_blork_the_orc
D:7:      makhleb_altar_promises_db
D:8:      nicolae_ru_great_annihilating_truth, grunt_pizzeria
D:9:      good_gods_mini_temple, kennysheep_mini, david_lair_generic,
          serial_ice, serial_ice_m, serial_ice_f, serial_ice_i, serial_ice_b,
          serial_ice_a, serial_ice_o, serial_ice_n, serial_ice_e, serial_ice_g,
          serial_ice_h
Temple:   eino_narrow_crystal_temple_b_12

Action                   |  1- 3 |  4- 6 |  7- 9 | 10-12 || total
-------------------------+-------+-------+-------+-------++-------
Melee: Hand axe          |    98 |    68 |   315 |    42 ||   523
       War axe           |       |       |       |   121 ||   121
Invok: Berserk           |     2 |     1 |     7 |     2 ||    12
       Burn Spellbooks   |       |       |     2 |     1 ||     3
Evoke: Wand              |       |       |       |     3 ||     3
  Use: Potion            |       |       |       |     1 ||     1
 Stab: Paralysed         |       |       |     1 |       ||     1
  Eat: Chunk             |     1 |     6 |    21 |     9 ||    37
       Pizza             |       |       |     3 |       ||     3
